 Dungeon Crawl Stone Soup version 0.30-a0-965-g42e074c17a (webtiles) character file.

Game seed: 3654804905514876485

225521 Zonian the Brawler (level 18, 0/110 HPs)
             Began as a Vine Stalker Gladiator on Mar 30, 2023.
             Was a High Priest of Ashenzari.
             Killed from afar by a will-o-the-wisp (20 damage)
             ... with a foxfire
             ... on level 4 of the Swamp on Mar 31, 2023.
             The game lasted 01:34:35 (30585 turns).

Zonian the Brawler (Vine Stalker Gladiator)        Turns: 30585, Time: 01:34:36

Health: 0/110      AC: 28    Str: 25    XL:     18   Next: 86%
Magic:  0/33       EV: 19    Int:  8    God:    Ashenzari [*****.]
Gold:   2364       SH: 20    Dex: 16    Spells: 37/37 levels left

rFire   . . .      SeeInvis +      - Unarmed
rCold   + + .      Faith    .    T - +4 kite shield of the Chained Heavens {rC+, Melee, Fort} (curse)
rNeg    . . .      Spirit   +    O - +6 scale mail "Vaeh" {Contam rC+ Regen+}
rPois   .          Reflect  +    H - +2 helmet "Yoke of Ashenzari" {Fort, Melee} (curse)
rElec   .          Rampage  .    r - +2 cloak of Ashenzari's Shame {Stlth+, Evo, Self} (curse)
rCorr   .          Clarity  +    u - +0 pair of gloves "Bound Orthodoxy" {Alch, Cun} (curse)
Will    ++...                    t - +0 pair of boots of the Mantic Moon {Evo, Bglg} (curse)
Stlth   +++++                    N - amulet "Share My Chagrin" {Reflect SH+5, Evo, Bglg} (curse)
HPRegen 1.98/turn                i - ring "Gaze Upon Infinity" {AC+4 Slay+2, Melee, Bglg} (curse)
MPRegen 0.23/turn                f - ring of the Unmoving One {EV+5, Melee, Evo} (curse)

@: no status effects
A: fangs 3, regeneration 1, magic shield, antimagic bite, no potion heal 2
}: 2/15 runes: decaying, gossamer
a: Renounce Religion, Curse Item, Shatter the Chains


You were on level 4 of the Swamp.
You worshipped Ashenzari.
Ashenzari was extremely pleased with you.
You visited 5 branches of the dungeon, and saw 30 of its levels.

You collected 3235 gold pieces.
You spent 871 gold pieces at shops.

Inventory:

Missiles
 G - 26 boomerangs (quivered)
 I - 8 throwing nets
 K - 46 poisoned darts
 P - a curare-tipped dart
Armour
 r - the cursed +2 cloak of Ashenzari's Shame (worn) {Stlth+, Evo, Self}
   (You took it off Nikola on level 3 of the Spider Nest)

   It has a curse which improves the following skills: Evocations: Evocations.
   Introspection: Fighting and Spellcasting.
 t - the cursed +0 pair of boots of the Mantic Moon (worn) {Evo, Bglg}
   (You found it on level 3 of the Dungeon)

   It has a curse which improves the following skills: Evocations: Evocations.
   Beguiling: Conjurations, Hexes and Translocations.
 u - the cursed +0 pair of gloves "Bound Orthodoxy" (worn) {Alch, Cun}
   (You found it on level 3 of the Dungeon)

   It has a curse which improves the following skills: Alchemy: Poison Magic and
   Transmutations.
   Cunning:   Dodging and Stealth.
 H - the cursed +2 helmet "Yoke of Ashenzari" (worn) {Fort, Melee}
   (You found it on level 10 of the Dungeon)

   It has a curse which improves the following skills: Fortitude: Armour and
   Shields.
   Melee Combat: Short Blades, Long Blades, Axes, Maces & Flails, Polearms,
   Staves and Unarmed Combat.
 J - the scarf of Autotheism {+Inv, Str+4}
   (You found it on level 4 of the Swamp)

   Str:       It affects your strength (+4).
 O - the +6 scale mail "Vaeh" (worn) {Contam rC+ Regen+}
   (You found it on level 12 of the Dungeon)

   rC:        It protects you from cold.
   Contam:    It causes magical contamination when unequipped.
   Regen:     It increases your rate of health regeneration.
 T - the cursed +4 kite shield of the Chained Heavens (worn) {rC+, Melee, Fort}
   (You took it off a tengu warrior on level 15 of the Dungeon)

   It has a curse which improves the following skills: Melee Combat: Short
   Blades, Long Blades, Axes, Maces & Flails, Polearms, Staves and Unarmed
   Combat.
   Fortitude: Armour and Shields.
Jewellery
 a - a +6 ring of dexterity
 f - the cursed ring of the Unmoving One (right hand) {EV+5, Melee, Evo}
   (You acquired it on level 5 of the Dungeon)

   [ring of evasion]

   EV:        It affects your evasion (+5).
   It has a curse which improves the following skills: Melee Combat: Short
   Blades, Long Blades, Axes, Maces & Flails, Polearms, Staves and Unarmed
   Combat.
   Evocations: Evocations.
 i - the cursed ring "Gaze Upon Infinity" (left hand) {AC+4 Slay+2, Melee, Bglg}
   (You acquired it on level 5 of the Lair of Beasts)

   [ring of protection]

   AC:        It affects your AC (+4).
   Slay:      It affects your accuracy & damage with ranged weapons and melee
   (+2).
   It has a curse which improves the following skills: Melee Combat: Short
   Blades, Long Blades, Axes, Maces & Flails, Polearms, Staves and Unarmed
   Combat.
   Beguiling: Conjurations, Hexes and Translocations.
 s - a ring of ice
 B - a ring of resist corrosion
 N - the cursed amulet "Share My Chagrin" (around neck) {Reflect SH+5, Evo, Bglg}
   (You bought it in a shop on level 4 of the Dungeon)

   [amulet of reflection]

   It reflects blocked missile attacks.
   SH:        It affects your SH (+5).
   It has a curse which improves the following skills: Evocations: Evocations.
   Beguiling: Conjurations, Hexes and Translocations.
 W - a ring of wizardry
 X - a +4 ring of protection
Wands
 h - a wand of charming (15)
 n - a wand of mindburst (26)
 x - a wand of roots (27)
 D - a wand of polymorph (6)
 F - a wand of acid (8)
 S - a wand of flame (19)
Scrolls
 j - 5 scrolls of fog
 k - 3 scrolls of poison
 l - 11 scrolls of teleportation
 o - a scroll of blinking
 p - 2 scrolls of fear
 q - 4 scrolls of silence
 v - 2 scrolls of magic mapping
 z - a scroll of enchant armour
 Q - 5 scrolls of enchant weapon
Potions
 b - 4 potions of ambrosia
 d - a potion of invisibility
 e - 13 potions of brilliance
 g - 7 potions of curing
 m - 7 potions of lignification
 A - 2 potions of berserk rage
 E - 5 potions of flight
 M - 2 potions of resistance
 R - 5 potions of haste
Miscellaneous
 c - a phantom mirror
 w - a condenser vane (inert)
 y - a lightning rod (4/4)
 C - a phial of floods


   Skills:
 - Level 16.6(18.6) Fighting
 - Level 7.4 Throwing
 - Level 7.2(10.4) Armour
 - Level 7.9(10.1) Dodging
 + Level 9.6(11.7) Stealth
 - Level 6.1(9.3) Shields
 - Level 19.9(24.6) Unarmed Combat
 + Level 8.2(10.4) Spellcasting
 + Level 7.9(12.9) Evocations


You had 37 spell levels left.
You didn't know any spells.
Your spell library contained the following spells:

 Spells                   Type           Power      Damage    Failure   Level
 Magic Dart               Conj           20%        1d4       50%         1
 Slow                     Hex            20%        N/A       50%         1
 Foxfire                  Conj/Fire      16%        2x1d2     54%         1
 Kiss of Death            Conj/Necr      16%        2d6       54%         1
 Lesser Beckoning         Tloc           10%        N/A       63%         2
 Ensorcelled Hibernation  Hex/Ice        8%         N/A       67%         2
 Call Imp                 Summ           4%         N/A       71%         2
 Confusing Touch          Hex            5%         N/A       86%         3
 Gell's Gravitas          Tloc           5%         N/A       86%         3
 Teleport Other           Tloc           5%         N/A       86%         3
 Inner Flame              Hex/Fire       4%         N/A       88%         3
 Mephitic Cloud           Conj/Pois/Air  4%         N/A       88%         3
 Spider Form              Tmut/Pois      4%         N/A       88%         3
 Ozocubu's Armour         Ice            4%         N/A       91%         3
 Vampiric Draining        Necr           4%         2d6       91%         3
 Anguish                  Hex/Necr       2%         N/A       99%         4
 Flame Wave               Conj/Fire      4%         2d5       99%         4
 Passage of Golubria      Tloc           5%         N/A       99%         4
 Sticky Flame             Conj/Fire      4%         2d3       99%         4
 Animate Dead             Necr           4%         N/A       100%        4
 Dispel Undead            Necr           4%         3d7       100%        4
 Petrify                  Tmut/Erth      4%         N/A       100%        4
 Borgnjor's Vile Clutch   Necr/Erth      2%         N/A       100%        5
 Fireball                 Conj/Fire      2%         3d4       100%        5
 Metabolic Englaciation   Hex/Ice        2%         N/A       100%        5
 Silence                  Hex/Air        2%         N/A       100%        5
 Death Channel            Necr           2%         N/A       100%        6
 Simulacrum               Ice/Necr       2%         N/A       100%        6
 Starburst                Conj/Fire      2%         6d3       100%        6
 Statue Form              Tmut/Erth      2%         N/A       100%        6
 Enfeeble                 Hex            2%         N/A       100%        7
 Borgnjor's Revivificati  Necr           2%         N/A       100%        8
 Lehudib's Crystal Spear  Conj/Erth      2%         10d2      100%        8
 Necromutation            Tmut/Necr      2%         N/A       100%        8
 Death's Door             Necr           2%         N/A       100%        9


Dungeon Overview and Level Annotations

Branches:
Dungeon (15/15)            Temple (0/1) D:6            Lair (5/5) D:11
  Swamp (4/4) Lair:2       Spider (4/4) Lair:2        Slime (0/5) Lair:5
    Orc (2/2) D:11            Elf (0/3) Orc:2        Vaults (0/5) D:14
 Depths (0/4) D:15

Altars:
Ashenzari
Dithmenos
Elyvilon
Fedhas
Hepliaklqana
Kikubaaqudgha
Nemelex Xobeh
Ru
Sif Muna
Trog
Vehumet
Wu Jian
Yredelemnul
Zin
Jiyva

Shops:
D:4 *   D:7 :   Orc:2 *[?[

Annotations:
D:3 2 transporters, deadpool521's ghost, weakling MiFi
D:9 1 runed translucent door, Sanktem7's ghost, novice MiFi
Lair:2 exclusion: oklob plant
Lair:5 1 runed translucent door
Spider:1 Roxanne


Innate Abilities, Weirdness & Mutations

You have razor-sharp teeth.
Your natural rate of healing is unusually fast.
When hurt, damage is shared between your health and your magic reserves.
Your bite disrupts and absorbs the magic of your enemies.
Potions cannot restore your health.


Message History

Okay, then.
Press: ? - help, v - describe, . - travel The floor.
There is a cloud of translocational energy here.
Okay, then.
Clouds of flame condense around you!
The condenser dries out!
You are engulfed in noxious fumes.
You choke on the stench!
You feel momentarily confused.
You feel very sick.
The thorn hunter is engulfed in blazing flames.
The swamp drake is engulfed in blazing flames.
The will-o-the-wisp is engulfed in blazing flames.
The will-o-the-wisp gestures.
The will-o-the-wisp conjures some foxfire! 2 foxfires come into view.
Your system rejects the healing.
You feel better.
You are engulfed in noxious fumes.
The will-o-the-wisp's magic is no longer disrupted.
The foxfire hits you!
* * * LOW HITPOINT WARNING * * *
The foxfire hits you!!
* * * LOW HITPOINT WARNING * * *
The thorn hunter is engulfed in blazing flames.
The swamp drake is engulfed in blazing flames.
You kill the swamp drake!
The will-o-the-wisp is engulfed in blazing flames.
The will-o-the-wisp gestures.
The will-o-the-wisp conjures some foxfire! 2 foxfires come into view.
Blink to where?
Press: ? - help, Dir - move target
As you read the scroll of blinking, it crumbles to dust.
The will-o-the-wisp is engulfed in blazing flames.
Press: ? - help, v - describe, . - travel
Here: a foxfire (not watching you) Some shallow water.
Okay, then.
As you read the scroll of fog, it crumbles to dust.
The scroll dissolves into smoke.
The foxfire hits you!!
You die...

≈≈≈≈≈≈≈≈≈#≈§≈≈≈.# ,§§,, .≈
÷≈≈≈≈≈≈≈≈≈≈.## §..§~.♣ #,
#...≈≈...≈.≈.##* ~~§§§.♣
*######..###.≈≈.≈##♣..§...♣
♣♣....####♣##....#♣~~~~~.~♣♣
~..≈§..♣♣♣~♣.#.###♣.♣♣♣~§~~♣
§.≈§≈.~...~.#†###♣§~♣♣~~~~.♣
♣○☼≈..~♣~♣~..♣##♣§§§~♣♣f[.~♣
♣....♣♣♣♣♣~..~§§@§.~.....♣♣*
♣..~~♣♣ ~♣♣~~♣.§§v§~~...°~♣♣
~.~.~♣. **♣♣♣♣~~~.v~..§§§~~♣
.~.(~.~♣♣♣ ♣.§~~~§§v§§~§♣♣
≈.♣.....~♣ ♣~.~~~~§§§§§~~~♣
≈..♣♣~§~.♣ ♣♣♣.~§.~)§§§~~♣♣
≈≈.♣~.§.♣♣ ♣~~~....~~~~~♣
≈≈.~♣..<.♣* ♣~~~~~..~~~.♣♣
≈≈..~....~~♣ ♣......~~..~♣


You could see a thorn hunter and a will-o-the-wisp.

Vanquished Creatures
  Nikola (Spider:3)
  Jorgrun (D:12)
  A thorn hunter (Swamp:3)
  A frost giant (D:15)
  Louise (Swamp:2)
  4 emperor scorpions (Spider:4)
  4 ghost moths
  6 broodmothers
  5 bunyips
  3 spark wasps
  3 eleionomae
  3 fire dragons (Swamp:4)
  Snorg (Orc:1)
  2 entropy weavers
  Josephine (D:10)
  Fannar (D:12)
  23 hydras
  Harold (Lair:2)
  7 centaur warriors
  3 catoblepae (Lair:5)
  An ogre mage (D:14)
  5 boulder beetles
  3 radroaches
  3 ghost crabs
  5 alligators
  4 tengu warriors
  A spriggan berserker (Swamp:2)
  13 death yaks
  3 orc high priests (Orc:2)
  10 two-headed ogres
  9 spriggans
  A skyshark (Lair:3)
  Nergalle (Lair:1)
  Sonja (D:10)
  A fire crab (Swamp:4)
  A skeletal warrior (D:14)
  4 goliath frogs
  3 pharaoh ants
  6 swamp dragons
  A spriggan druid (Swamp:1)
  14 orb spiders
  A bog body (Swamp:3)
  A necromancer (Swamp:2)
  6 lindwurms
  An oklob plant (D:11)
  8 steelbarb worms
  2 deep elf pyromancers
  5 will-o-the-wisps
  6 orc knights
  15 ugly things
  4 orc sorcerers
  16 wolf spiders
  3 cyclopes
  5 manticores
  5 moths of wrath
  18 elephants
  7 black mambas
  10 torpor snails
  6 demonic crawlers
  14 cane toads
  A gargoyle (D:12)
  An unseen horror (D:12)
  A kobold demonologist (D:11)
  Psyche (D:10)
  4 centaur skeletons (D:14)
  4 yaktaurs (D:14)
  A freezing wraith (D:15)
  5 rime drakes
  9 komodo dragons
  3 efreet
  2 hydra zombies (Swamp:2)
  9 trolls
  11 tyrant leeches
  A polar bear (Lair:1)
  6 meliai
  23 tarantellas
  17 hornets
  17 blink frogs
  4 dream sheep (Lair:5)
  8 slime creatures (D:13)
  An alligator zombie (Swamp:2)
  14 culicivoras
  25 jumping spiders
  A spriggan (shapeshifter) (D:14)
  2 vampires
  2 shadows
  51 yaks
  2 basilisks
  7 wraiths
  4 wyverns
  Grum (D:11)
  54 redbacks
  3 steam dragons
  9 vampire mosquitoes
  16 swamp worms
  An acid dragon (D:12)
  11 water moccasins
  Menkaure (D:7)
  2 wargs (Orc:1)
  11 swamp drakes
  An ice beast (D:6)
  20 orc warriors
  A sky beast (D:6)
  A meliai simulacrum (D:15)
  7 ogres
  3 boggarts (D:13)
  14 wolves
  13 centaurs
  2 phantoms
  5 kobold brigands
  16 bullfrogs
  4 gnoll sergeants
  4 scorpions
  2 necrophages (D:4)
  3 wights (D:4)
  6 killer bees (D:11)
  5 howler monkeys
  An electric eel (Lair:4)
  A jelly (D:3)
  4 hounds
  A gnoll bouda (D:5)
  19 orc priests
  4 sleepcaps
  A human zombie (D:4)
  A scorpion zombie (D:4)
  3 iguanas
  20 orc wizards
  6 hell rats (Lair:4)
  2 mummies (D:4)
  33 gnolls
  An adder (D:4)
  A shadow imp (D:7)
  14 white imps
  2 adder zombies (D:4)
  2 dart slugs
  72 orcs
  7 ball pythons
  A bat zombie (D:5)
  11 endoplasms
  4 giant cockroaches
  7 goblins
  9 hobgoblins
  4 quokkas
  3 frilled lizards
  A jackal zombie (D:4)
  28 kobolds
  7 rats
  2 rat zombies (D:5)
1020 creatures vanquished.

Vanquished Creatures (collateral kills)
  Rupert (Orc:2)
  A fire dragon (Lair:5)
2 creatures vanquished.

Vanquished Creatures (others)
  A ghost moth (Spider:2)
  A bog body (Swamp:2)
  A swamp dragon (Swamp:4)
  3 bloated husks
  A tarantella (Spider:3)
  4 swamp drakes (Swamp:4)
  An orc wizard (Orc:2)
  2 briar patches (Swamp:3)
  A bush (Lair:3)
  22 foxfires
  44 fungi
  101 plants
182 creatures vanquished.

Grand Total: 1204 creatures vanquished

Notes
Turn   | Place    | Note
-------+----------+-------------------------------------------
     0 | D:1      | Zonian the Vine Stalker Gladiator began the quest for the
                  | Orb.
     0 | D:1      | Reached XP level 1. HP: 11/11 MP: 2/2
   146 | D:1      | Reached XP level 2. HP: 15/15 MP: 3/3
  1021 | D:2      | Found a faded altar of an unknown god.
  1306 | D:2      | Reached XP level 3. HP: 16/18 MP: 4/4
  1545 | D:2      | Found a blossoming altar of Fedhas.
  1945 | D:3      | Found a broken altar of Ashenzari.
  1965 | D:3      | Became a worshipper of Ashenzari the Shackled
  2082 | D:3      | Found a shadowy altar of Dithmenos.
  2148 | D:3      | Gained mutation: Your natural rate of healing is unusually
                  | fast. [Vine Stalker growth]
  2148 | D:3      | Reached XP level 4. HP: 23/23 MP: 5/5
  2226 | D:3      | Found a transporter.
  2229 | D:3      | Noticed deadpool521's ghost (weakling MiFi)
  2264 | D:3      | Found a transporter.
  2497 | D:3      | Found a white marble altar of Elyvilon.
  2554 | D:3      | Found a bloodstained altar of Trog.
  2604 | D:3      | Found a sacrificial altar of Ru.
  2673 | D:4      | Noticed an ogre
  2730 | D:4      | Reached XP level 5. HP: 27/27 MP: 6/6
  2776 | D:4      | Found Cipagg's Neck Hole.
  2787 | D:4      | Noticed an ogre
  3203 | D:5      | Entered Level 5 of the Dungeon
  3209 | D:5      | Reached skill level 4 in Unarmed Combat
  3213 | D:5      | Reached XP level 6. HP: 28/32 MP: 5/7
  3294 | D:5      | Reached skill level 5 in Unarmed Combat
  3327 | D:5      | Found an ancient bone altar of Kikubaaqudgha.
  3382 | D:5      | Noticed a water moccasin
  3409 | D:5      | Killed a water moccasin
  3410 | D:5      | Reached XP level 7. HP: 34/38 MP: 6/8
  3450 | D:5      | Reached skill level 5 in Fighting
  3450 | D:5      | Reached skill level 6 in Unarmed Combat
  3466 | D:5      | Found a glowing silver altar of Zin.
  3608 | D:5      | Found a radiant altar of Vehumet.
  3659 | D:5      | Gained mutation: You have razor-sharp teeth. [Vine Stalker
                  | growth]
  3659 | D:5      | Reached XP level 8. HP: 30/44 MP: 9/9
  3712 | D:5      | Found a shimmering blue altar of Sif Muna.
  3888 | D:5      | Reached * piety under Ashenzari
  3888 | D:5      | Identified a scroll of acquirement
  3889 | D:5      | Acquired a +5 ring of evasion
  4001 | D:6      | Reached skill level 7 in Unarmed Combat
  4103 | D:6      | Reached ** piety under Ashenzari
  4173 | D:6      | Found a staircase to the Ecumenical Temple.
  4429 | D:6      | Reached skill level 8 in Unarmed Combat
  4429 | D:6      | Reached XP level 9. HP: 28/50 MP: 5/10
  4671 | D:7      | Identified the +0 war axe of Mourning {drain, rC+ Str+3
                  | SInv}
  4734 | D:7      | Found Niurgh's Book Emporium.
  4947 | D:7      | Found a sparkling altar of Nemelex Xobeh.
  5044 | D:7      | Noticed Menkaure
  5195 | D:7      | Killed Menkaure
  5201 | D:7      | Identified the +0 ring mail of Lugonu's Fury {Rampage
                  | Dex+3}
  5207 | D:7      | Reached skill level 9 in Unarmed Combat
  5691 | D:8      | Found an ornate altar of the Wu Jian Council.
  5924 | D:8      | Reached skill level 10 in Unarmed Combat
  5924 | D:8      | Reached XP level 10. HP: 51/57 MP: 9/11
  6209 | D:9      | Reached skill level 1 in Stealth
  6430 | D:9      | Reached skill level 11 in Unarmed Combat
  6438 | D:9      | Reached skill level 10 in Fighting
  6489 | D:9      | Identified the +6 falchion of Propriety {heavy, *Corrode
                  | rF+ Will+ Int+3}
  6529 | D:9      | Reached *** piety under Ashenzari
  6547 | D:9      | Found a runed translucent door.
  6695 | D:9      | Noticed Sanktem7's ghost (novice MiFi)
  6730 | D:10     | Entered Level 10 of the Dungeon
  6730 | D:10     | Noticed Psyche
  6735 | D:10     | Killed Psyche
  6736 | D:10     | Reached skill level 5 in Stealth
  6873 | D:10     | Found a hazy altar of Hepliaklqana.
  6880 | D:10     | Noticed a two-headed ogre
  7007 | D:10     | Reached XP level 11. HP: 63/66 MP: 10/12
  7012 | D:10     | Reached skill level 1 in Evocations
  7046 | D:10     | Noticed Josephine
  7057 | D:10     | Killed Josephine
  7443 | D:10     | Noticed Sonja
  7479 | D:10     | Killed Sonja
  7638 | D:10     | Noticed a two-headed ogre
  7648 | D:10     | Killed a two-headed ogre
  7691 | D:10     | Noticed a two-headed ogre
  7698 | D:10     | Killed a two-headed ogre
  7699 | D:10     | Reached skill level 12 in Unarmed Combat
  7719 | D:10     | Killed a two-headed ogre
  8152 | D:11     | Noticed an oklob plant
  8367 | D:11     | Found a staircase to the Orcish Mines.
  8414 | D:11     | Noticed Grum
  8420 | D:11     | Killed Grum
  8439 | D:11     | Noticed a two-headed ogre
  8446 | D:11     | Killed a two-headed ogre
  8534 | D:11     | Noticed a two-headed ogre
  8537 | D:11     | Killed a two-headed ogre
  8538 | D:11     | Reached XP level 12. HP: 47/72 MP: 8/13
  8580 | D:11     | Found a staircase to the Lair.
  8666 | D:11     | Noticed a two-headed ogre
  8674 | D:11     | Killed a two-headed ogre
  8843 | D:11     | Reached **** piety under Ashenzari
  9251 | Lair:1   | Entered Level 1 of the Lair of Beasts
  9305 | Lair:1   | Reached skill level 13 in Unarmed Combat
  9399 | Lair:1   | Noticed Nergalle
  9406 | Lair:1   | Killed Nergalle
 10298 | Lair:2   | Noticed Harold
 10580 | Lair:2   | Noticed a death yak
 10581 | Lair:2   | Noticed a death yak
 10581 | Lair:2   | Noticed a death yak
 10581 | Lair:2   | Noticed a death yak
 10622 | Lair:1   | Killed a death yak
 10623 | Lair:1   | Reached skill level 14 in Unarmed Combat
 10778 | Lair:2   | Found a hole to the Spider Nest.
 10898 | Lair:2   | Reached XP level 13. HP: 39/80 MP: 12/14
 11687 | Lair:2   | Reached skill level 1 in Spellcasting
 11785 | Lair:2   | Reached skill level 5 in Dodging
 11838 | Lair:2   | Killed Harold
 11959 | Lair:2   | Found a staircase to the Swamp.
 12585 | Lair:3   | Reached XP level 14. HP: 75/87 MP: 20/23
 12628 | Lair:3   | Reached skill level 15 in Unarmed Combat
 14134 | Lair:5   | Entered Level 5 of the Lair of Beasts
 14254 | Lair:5   | Reached skill level 5 in Throwing
 14304 | Lair:5   | Reached skill level 5 in Evocations
 14391 | Lair:5   | Found a runed translucent door.
 14803 | Lair:5   | Reached skill level 5 in Spellcasting
 15118 | Lair:5   | Found a runed translucent door.
 15120 | Lair:5   | Found a viscous altar of Jiyva.
 15121 | Lair:5   | Noticed an acid blob
 15122 | Lair:5   | Found a staircase to the Slime Pits.
 15332 | Lair:5   | Acquired the ring of Aphycigh {AC+4 Slay+2}
 15881 | Lair:5   | Reached XP level 15. HP: 81/91 MP: 23/26
 16263 | Lair:5   | Upgraded the game from 0.30-a0-956-gcec3b41aec to
                  | 0.30-a0-965-g42e074c17a
 16813 | D:4      | Found a basalt altar of Yredelemnul.
 16976 | D:4      | Bought an amulet of reflection for 390 gold pieces
 17202 | D:12     | Identified the +6 scale mail "Vaeh" {Contam rC+ Regen+}
 17438 | D:12     | Noticed Fannar
 17445 | D:12     | Killed Fannar
 17469 | D:12     | Noticed Jorgrun
 17488 | D:12     | Killed Jorgrun
 19235 | D:14     | Found a gate to the Vaults.
 19263 | D:14     | Reached skill level 16 in Unarmed Combat
 19843 | D:15     | Entered Level 15 of the Dungeon
 19976 | D:15     | Reached skill level 1 in Shields
 19976 | D:15     | Reached XP level 16. HP: 97/97 MP: 30/30
 20470 | D:15     | Found a staircase to the Depths.
 20478 | D:15     | Reached skill level 5 in Shields
 20686 | Orc:1    | Entered Level 1 of the Orcish Mines
 20849 | Orc:2    | Entered Level 2 of the Orcish Mines
 21125 | Orc:2    | Found a staircase to the Elven Halls.
 21207 | Orc:2    | Noticed Rupert
 21226 | Orc:2    | Killed Rupert
 21358 | Orc:2    | Reached skill level 1 in Armour
 21388 | Orc:1    | Noticed Snorg
 21396 | Orc:1    | Killed Snorg
 21722 | Orc:2    | Reached skill level 15 in Fighting
 21783 | Orc:2    | Found Woebrej's Antique Armour Shop.
 21783 | Orc:2    | Found Daddem's Assorted Antiques.
 21785 | Orc:2    | Found Gugaurphe's Antique Armour Shop.
 21785 | Orc:2    | Found Kameofig's Magic Scroll Emporium.
 21799 | Orc:2    | Bought a scorched scale mail for 288 gold pieces
 21799 | Orc:2    | Identified the +5 scale mail of Kiryvom {Dex+2} (You bought
                  | it in a shop on level 2 of the Orcish Mines)
 21800 | Orc:2    | Bought a scroll of teleportation for 51 gold pieces
 21800 | Orc:2    | Bought a scroll of teleportation for 51 gold pieces
 21800 | Orc:2    | Bought a scroll of fear for 68 gold pieces
 21804 | Orc:2    | Bought a black potion for 23 gold pieces
 22133 | Spider:1 | Entered Level 1 of the Spider Nest
 22519 | Spider:1 | Reached ***** piety under Ashenzari
 22640 | Spider:1 | Identified the +6 buckler of the Skies Above {rElec Int+2
                  | Dex-3}
 22812 | Spider:1 | Noticed Roxanne
 23325 | Spider:2 | Identified the +2 robe of the Hurricane {Int+4}
 23368 | Spider:2 | Identified the +5 war axe of Eternal Vigilance {heavy,
                  | Int+3 Stlth+}
 24866 | Spider:2 | Reached XP level 17. HP: 99/99 MP: 29/29
 24905 | Spider:2 | Reached skill level 17 in Unarmed Combat
 25347 | Spider:3 | Reached skill level 5 in Armour
 25354 | Spider:3 | Noticed Nikola
 26211 | Spider:3 | Killed Nikola
 26629 | Spider:4 | Entered Level 4 of the Spider Nest
 26637 | Spider:4 | Identified the +7 trident of War {speed, Contam rElec rC+}
 27656 | Spider:4 | Reached skill level 18 in Unarmed Combat
 27742 | Spider:4 | Got a gossamer rune of Zot
 27913 | Swamp:1  | Entered Level 1 of the Swamp
 27917 | Swamp:1  | Reached XP level 18. HP: 107/107 MP: 30/30
 28420 | Swamp:2  | Noticed Louise
 28428 | Swamp:2  | Killed Louise
 28552 | Swamp:2  | Reached skill level 19 in Unarmed Combat
 29741 | Swamp:4  | Entered Level 4 of the Swamp
 30497 | Swamp:4  | Identified the scarf of Autotheism {+Inv, Str+4}
 30546 | Swamp:4  | Got a decaying rune of Zot
 30585 | Swamp:4  | Killed from afar by a will-o-the-wisp

Illustrated notes

Levels and vault maps discovered:
D:1:      dpeg_arrival_chambers_temple_mockup, layout_basic
D:2:      layout_basic, shapermc_ecumenical_altar_acropolis, basic_altar
D:3:      layout_rooms, ashenzari_altar_1, lemuel_crystal_altar,
          mainiacjoe_overflow_tiny_flanked, lemuel_round_altar,
          mainiacjoe_overflow_catwalk, gammafunk_ghost_stat_death,
          chequers_serial_rivers_small_a
D:4:      layout_rooms, lemuel_mausoleum_altar_yredelemnul,
          nicolae_shop_sticking_my_neck_out
D:5:      layout_rooms, zin_academy, lemuel_zombie_altar_kikubaaqudgha,
          nicolae_sif_muna_condensation, nicolae_vehumet_radiance, st_stairs_3
D:6:      layout_basic, minmay_temple_entry_nine_rooms, minmay_puff
D:7:      layout_basic, nemelex_xobeh_ov_fountains_minmay, serial_shops,
          nicolae_stop_n_shop_2, nicolae_fountain_basement, uniq_menkaure
D:8:      layout_basic, overflow_temple_1_default
D:9:      layout_big_octagon, ebering_ghost_reflecting_pool
D:10:     layout_layer_cave, mainiacjoe_overflow_cross_hatched, uniq_psyche,
          uniq_josephine, uniq_sonja
D:11:     layout_roguey, dpeg_oklobed_lair, hiddenorc1_lemuel,
          corexii_hall_statues_i, minmay_misc_feat_four_crosses, uniq_grum
D:12:     kennysheep_bubbly, layout_rooms, portal_ice_cave_entry_imps,
          uniq_jorgrun, uniq_fannar
D:13:     layout_basic, minivault_24
D:14:     layout_basic, hangedman_vaults_entry_quadrant_bands,
          serial_bayou_pond_a, serial_park_tiny_1
D:15:     grunt_enter_depths_snipers, layout_rooms,
          hangedman_abyss_or_decor_stagger
Lair:1:   layout_roguey, uniq_nergalle
Lair:2:   layout_misc_corridors, palyth_hydra_swamp_entry, dummy_spider_entry,
          serial_bayou_shore_a, uniq_harold
Lair:3:   layout_small_grid, lemuel_old_faithful
Lair:4:   layout_regular_city, serial_bayou_lake_a, grunt_megastairs_4
Lair:5:   wormcave, layout_regular_city, hangedman_lair_in_review,
          slime_entry_2, nicolae_lair_lindhole
Swamp:1:  layout_basic_swamp, evilmike_swamp_ruin_house_2
Swamp:2:  layout_basic_swamp, nicolae_swamp_big_swirl,
          nicolae_swamp_necromancer_hut, uniq_louise
Swamp:3:  layout_basic_swamp, evilmike_swamp_ruin_rubble_2
Swamp:4:  swamp_fiery, layout_basic_swamp, swamp_pool1,
          nicolae_swamp_nymph_family_reunion, infiniplex_staircase_pool
Spider:1: layout_chambers, hangedman_spider_tarantella_strand, uniq_roxanne
Spider:2: layout_spider_delve, drop_trap
Spider:3: layout_cave_pods, uniq_nikola
Spider:4: guppyfry_spider_rune, nicolae_orb_stairs
Orc:1:    layout_caves, uniq_snorg
Orc:2:    grunt_orc_tribal_feast, layout_caves, uniq_rupert

Skill      XL: |  1  2  3  4  5  6  7  8  9 10 11 12 13 14 15 16 17 18 |
---------------+-------------------------------------------------------+-----
Fighting       | 2 3 4 5 7 8 10 11 12 13 14 15 16 | 16.6
Throwing       | 2 4 6 7 |  7.4
Dodging        | 3 5 6 7 |  7.9
Unarmed Combat | 4 5 6 8 10 11 12 14 15 16 18 19 | 19.9
Stealth        | 5 8 9 |  9.6
Evocations     | 2 4 5 7 |  7.9
Spellcasting   | 3 5 7 8 |  8.2
Shields        | 1 6 |  6.1
Armour         | 4 7 |  7.2

Action                     |  1- 3 |  4- 6 |  7- 9 | 10-12 | 13-15 | 16-18 || total
---------------------------+-------+-------+-------+-------+-------+-------++-------
  Melee: Unarmed           |   110 |   112 |   264 |   439 |   863 |  1314 ||  3102
         Bite              |    23 |    48 |    83 |   170 |   361 |   506 ||  1191
         Punch             |     2 |     4 |    15 |    39 |   124 |       ||   184
  Throw: Throwing net      |       |       |     2 |     1 |       |     1 ||     4
         Dart              |       |       |       |     2 |     7 |     2 ||    11
         Boomerang         |       |       |       |       |    12 |    64 ||    76
         Javelin           |       |       |       |       |     1 |       ||     1
 Invoke: Curse Item        |       |     1 |     3 |     2 |     2 |     3 ||    11
         Shatter the Chain |       |       |       |     1 |     1 |     1 ||     3
  Evoke: Wand              |       |     1 |     3 |       |    16 |     9 ||    29
         Phial of floods   |       |       |       |     1 |       |     1 ||     2
         Phantom mirror    |       |       |       |       |     2 |     2 ||     4
         Condenser vane    |       |       |       |       |     1 |     3 ||     4
    Use: Scroll            |       |       |     8 |     2 |     7 |    11 ||    28
         Potion            |       |       |     1 |       |     2 |     9 ||    12
   Stab: Sleeping          |     1 |       |       |    22 |    36 |    22 ||    81
         Held in net/web   |       |       |     1 |       |       |       ||     1
         Distracted        |       |       |       |       |     4 |     2 ||     6
         Petrified         |       |       |       |       |     3 |       ||     3
         Invisible         |       |       |       |       |       |     3 ||     3
         Confused          |       |       |       |       |       |     4 ||     4
 Armour: Leather armour    |    19 |       |       |       |       |       ||    19
         Scale mail        |    10 |    37 |    62 |       |       |   306 ||   415
         Ring mail         |       |       |     1 |    72 |   131 |    51 ||   255
  Dodge: Dodged            |    56 |    56 |   150 |   320 |   598 |   722 ||  1902
  Block: Other             |       |       |       |       |    61 |       ||    61
         Reflection        |       |       |       |       |     8 |    14 ||    22
         Kite shield       |       |       |       |       |     1 |  1434 ||  1435

Table legend: (Time is in decaauts)
 A = Elapsed time spent in this place.
 B = Non-inter-level travel time spent in this place.
 C = Inter-level travel time spent in this place.
 D = Time resting spent in this place.
 E = Time spent auto-exploring this place.
 F = Levels seen in this place.
 G = Mean time per level.
                   A        B        C        D        E       F      G
               +--------+--------+--------+--------+--------+-----+--------+
         Total |  30124 |  28080 |   2044 |   5755 |  14120 |  30 | 1004.1 |
       Dungeon |  13422 |  12195 |   1227 |   1328 |   7588 |  15 |  894.8 |
          Lair |   7129 |   6753 |    376 |   1990 |   2766 |   5 | 1425.8 |
         Swamp |   2728 |   2615 |    113 |    553 |   1160 |   4 |  682.0 |
   Spider Nest |   5583 |   5330 |    253 |   1622 |   2047 |   4 | 1395.8 |
  Orcish Mines |   1261 |   1188 |     73 |    262 |    558 |   2 |  630.5 |
               +--------+--------+--------+--------+--------+-----+--------+

Top non-repeatable levels by time:
Spider:1: 2585 daAuts
  Lair:5: 2078 daAuts
  Lair:1: 1518 daAuts
  Lair:2: 1485 daAuts
Spider:3: 1364 daAuts
    D:10: 1360 daAuts
    D:11: 1247 daAuts
Spider:4: 1117 daAuts
  Lair:4: 1097 daAuts
     D:2: 1081 daAuts
    D:14: 1076 daAuts
 Swamp:3: 1049 daAuts
    D:12: 1013 daAuts
     D:3: 992 daAuts
  Lair:3: 948 daAuts
